 Dungeon Crawl Stone Soup version 0.19-GnollCrawlA-1-g03664ee (webtiles) character file.

169 Findleman the Ruffian (level 1, 0/19 HPs)
             Began as a Troll Monk on Sept 2, 2016.
             Was a Believer of Hepliaklqana.
             Slain by a gnoll
             ... wielding a +0 spear of piercing
              (9 damage)
             ... on level 3 of the Dungeon.
             The game lasted 00:04:30 (1914 turns).

Findleman the Ruffian (Troll Monk)                  Turns: 1914, Time: 00:04:31

Health: 0/19       AC:  8    Str: 18    XL:     1   Next: 0%
Magic:  0/0        EV:  5    Int:  6    God:    Hepliaklqana [**....]
Gold:   65         SH:  0    Dex: 12    Spells: 0 memorised, 0 levels left

rFire  . . .     SeeInvis .       - Unarmed
rCold  . . .     Gourm    +     a - +0 robe
rNeg   . . .     Faith    .     (no shield)
rPois  .         Spirit   .     (helmet restricted)
rElec  .         Dismiss  .     h - +2 cloak
rCorr  .         Reflect  .     (gloves unavailable)
SustAt .         Harm     .     (boots unavailable)
MR     .....                    (no amulet)
Stlth  +.........               (no ring)
                                (no ring)

@: lethally poisoned (0 -> -1)
A: unfitting armour, claws 3, fast metabolism 3, gourmand, regeneration 2,
shaggy fur 1, tough skin 2
a: Recall Ancestor, Ancestor Identity, Renounce Religion


You were on level 3 of the Dungeon.
You worshipped Hepliaklqana.
Hepliaklqana was pleased with you.
You were not hungry.

You visited 2 branches of the dungeon, and saw 4 of its levels.

You collected 65 gold pieces.

Inventory:

Armour
 a - a +0 robe (worn)
 h - a +2 cloak (worn)
Wands
 i - a wand of iceblast (7/15)
Scrolls
 d - 2 scrolls of identify {unknown}
 e - a scroll of blinking {unknown}
 g - a scroll of magic mapping {unknown}
Potions
 c - 2 potions of curing {unknown}
 f - a potion of cancellation {unknown}
Comestibles
 b - 2 bread rations


   Skills:
 + Level 2.4 Fighting
 + Level 2.4 Dodging
 + Level 1.1 Stealth
 + Level 3.0 Unarmed Combat


You couldn't memorise any spells.
You didn't know any spells.

Dungeon Overview and Level Annotations

Branches:
Dungeon (3/15)             Temple (1/1) D:1

Altars:
Ashenzari
Dithmenos
Hepliaklqana
Nemelex Xobeh
Okawaru
Sif Muna
Trog
Uskayaw
Vehumet
Yredelemnul


Innate Abilities, Weirdness & Mutations

You are too large for most types of armour.
You have claws for hands.
Your metabolism is lightning-fast.
You like to eat raw meat.
You heal very quickly.
You are covered in fur. (AC +1)
You have very tough skin. (AC +2)


Message History

You hear the sound of rushing water.
There is an entrance to a sewer on this level.
Hurry and find it before the portal rusts away!
A gnoll comes into view. It is wielding a spear of piercing.
Found 18 arrows.
Found a stone staircase leading up.
There is a stone staircase leading up here.
The gnoll shouts!
A gnoll comes into view. It is wielding a spear of venom.
The gnoll shouts!
You climb upwards.
There is a stone staircase leading down here.
You climb downwards.
You hear the sound of rushing water.
There is an entrance to a sewer on this level.
Hurry and find it before the portal rusts away!
The gnoll barely misses you.
The gnoll hits you with a spear of piercing.
There is a stone staircase leading up here.
The gnoll hits you from afar with a spear of venom!
You are poisoned.
The gnoll hits you with a spear of piercing!
You die...

#######
..#.....##
.........##
.....g.@..#
......Rg..#
..........#
...(......#
...........
....<.....##
.........##
........##


You could see the friendly Æthelred the knight and 2 gnolls.

Vanquished Creatures
  11 gnolls
11 creatures vanquished.

Vanquished Creatures (collateral kills)
  6 gnolls
6 creatures vanquished.

Vanquished Creatures (others)
  3 knights (D:1)
3 creatures vanquished.

Grand Total: 20 creatures vanquished

Notes
Turn   | Place    | Note
-------+----------+-------------------------------------------
     0 | D:1      | Findleman the Troll Monk began the quest for the Orb.
     0 | D:1      | Reached XP level 1. HP: 22/22 MP: 0/0
   204 | D:1      | Found a staircase to the Ecumenical Temple.
   214 | Temple   | Entered the Ecumenical Temple
   427 | Temple   | Became a worshipper of Hepliaklqana
   427 | Temple   | Reached * piety under Hepliaklqana
   427 | Temple   | Reached ** piety under Hepliaklqana
   428 | Temple   | Remembered your ancestor Æthelred as a knight
  1821 | D:2      | Found a deep blue altar of Sif Muna.
  1914 | D:3      | Slain by a gnoll

Action                   || total
-------------------------++-------
Melee: Unarmed           ||    52
       Punch             ||     1
Invok: Ancestor Life: Kn ||     1
Armor: Robe              ||     4
Dodge: Dodged            ||    26
